 Dungeon Crawl Stone Soup version 0.24.0-13-gcf9b319 (webtiles) character file.

Game seed: 11482317704596407804, levelgen mode: deterministic

2974 Fang the Fighter (level 9, -2/59 HPs)
             Began as a Gargoyle Berserker on Nov 11, 2019.
             Was an Elder of Trog.
             Slain by a vampire
             ... wielding a +1 rapier of venom
              (5 damage)
             ... on level 7 of the Dungeon.
             The game lasted 00:04:40 (5881 turns).

Fang the Fighter (Gargoyle Berserker)               Turns: 5881, Time: 00:04:41

Health: -2/59      AC: 18    Str: 23    XL:     9   Next: 82%
Magic:  9/9        EV:  8    Int:  9    God:    Trog [****..]
Gold:   351        SH: 10    Dex:  9    Spells: 8/8 levels left

rFire    . . .     SeeInvis .   a - +0 war axe
rCold    . . .     Gourm    .   e - +0 shield (curse)
rNeg     + . .     Faith    .   b - +0 chain mail
rPois    ∞         Spirit   .   (no helmet)
rElec    +         Reflect  .   (no cloak)
rCorr    .         Harm     .   z - +1 pair of gloves
MR       .....                  (no boots)
Stlth    ..........             (no amulet)
HPRegen  0.19/turn              (no ring)
MPRegen  0.11/turn              (no ring)

@: berserk cooldown, slowed, very slow
A: negative energy resistance 1, electricity resistance, unbreathing,
petrification resistance, rot immunity, AC +6
a: Berserk, Trog's Hand, Brothers in Arms, Renounce Religion


You were on level 7 of the Dungeon.
You worshipped Trog.
Trog was greatly pleased with you.
You were near starving.

You visited 1 branch of the dungeon, and saw 7 of its levels.

You collected 351 gold pieces.

Inventory:

Hand Weapons
 a - a +0 war axe (weapon)
Armour
 b - a +0 chain mail (worn)
 e - a cursed +0 shield (worn)
 z - a +1 pair of gloves (worn)
Jewellery
 n - an uncursed ring of fire {unknown}
 q - an uncursed ring of poison resistance {unknown}
 r - an uncursed ring of ice
Wands
 o - a wand of paralysis (10)
 v - a wand of flame (14)
 B - a wand of digging (6)
Scrolls
 f - 6 scrolls of identify {unknown}
 i - 5 scrolls of amnesia {unknown}
 j - 2 scrolls of noise {unknown}
 k - a scroll of enchant weapon {unknown}
 m - 2 scrolls of fog {unknown}
 u - a scroll of vulnerability {unknown}
 w - 3 scrolls of teleportation {unknown}
 x - a scroll of remove curse {unknown}
 y - a scroll of random uselessness {unknown}
Potions
 d - 2 potions of mutation {unknown}
 g - 2 potions of haste {unknown}
 h - 3 potions of heal wounds {unknown}
 l - a potion of curing {unknown}
 p - a potion of ambrosia {unknown}
 s - 2 potions of agility {unknown}
 t - a potion of might {unknown}
 A - a potion of brilliance {unknown}
 C - a potion of flight {unknown}
Comestibles
 c - 15 rations


   Skills:
 * Level 8.1 Fighting
 * Level 6.6 Axes
 + Level 5.6 Armour
 + Level 4.1 Dodging
 * Level 7.0 Shields


You had 8 spell levels left.
You didn't know any spells.
Your spell library was empty.

Dungeon Overview and Level Annotations

Branches:
Dungeon (7/15)
 Temple: D:4-7

Altars:
Ashenzari
Fedhas
Hepliaklqana
Ru
Vehumet
The Shining One


Innate Abilities, Weirdness & Mutations

You are resistant to torment.
Your stone body is resilient. (AC +6)
You are immune to poison.
You resist negative energy. (rN+)
You are resistant to electric shocks. (rElec)
You can survive without breathing.
You are immune to petrification.
You are immune to rotting.


Message History

You slash the orc warrior!
The orc warrior is heavily wounded.
You block the orc warrior's attack.
You slash the orc warrior!
The orc warrior is almost dead.
The orc warrior hits you but does no damage.
You block the orc warrior's attack.
Your shield and chain mail prevent you from hitting the orc warrior.
The orc warrior is almost dead.
You block the orc warrior's attack. The orc warrior barely misses you.
You hit the orc warrior but do no damage.
The orc warrior is almost dead.
The orc warrior hits you with a +0 trident.
* * * LOW HITPOINT WARNING * * *
You hit the orc warrior.
You kill the orc warrior!
Trog accepts your kill.
Your Shields skill increases to level 7!
Something hits you.
You die...

....(......'###(⌠⌠⌠.###'..#
...........#.###.⌠.###.#.##
...........#..###.###..#..#
#.........###..#####..##..#
##.......## #..###..##.[.#
##.....## #..#..##....#######
###'### ###'###.....##..##.
##.#.#)## ##.##..##....#......
##..#)#..## ##.#@###.##...##.....
#.⌠.#.#.⌠.###.###{Z##.##..##.....
....#.#...[#.## ##.##.#.........
####.⌠.#####.# D#.#..#######
....⌠⌠⌠....+.# #.+..# ...
####.⌠.#####.# #.#.## ...
[...#.#....#.## ##.#.. ...
#.⌠(#.#.⌠.###.## ##.##.. ...
##..#.#..##.##.#####.##.. ...


You could see an acid dragon and a hound skeleton.

Vanquished Creatures
  A two-headed ogre (D:7)
  2 hippogriffs (D:7)
  Eustachio (D:4)
  A water moccasin (D:3)
  A black bear (D:7)
  An orc warrior (D:7)
  A sky beast (D:5)
  2 ogres (D:4)
  2 centaurs
  A bullfrog (D:7)
  2 scorpions (D:5)
  2 howler monkeys
  3 crimson imps
  2 centaur zombies
  3 orc priests (D:5)
  2 hounds (D:4)
  3 bullfrog skeletons
  A centaur skeleton (D:5)
  3 iguanas
  4 orc wizards
  2 worker ants
  6 gnolls
  6 adders
  2 oozes
  3 dart slugs
  4 leopard geckos
  18 orcs
  2 bats (D:1)
  4 giant cockroaches
  5 goblins
  6 hobgoblins
  13 jackals
  9 kobolds
  2 quokkas
  A ball python (D:1)
  2 frilled lizards
  A jackal zombie (D:5)
  A leopard gecko skeleton (D:4)
  A leopard gecko zombie (D:5)
  4 rats
130 creatures vanquished.

Notes
Turn   | Place    | Note
-------+----------+-------------------------------------------
     0 | D:1      | Fang the Gargoyle Berserker began the quest for the Orb.
     0 | D:1      | Reached XP level 1. HP: 14/14 MP: 1/1
   498 | D:1      | Reached XP level 2. HP: 17/19 MP: 2/2
  1085 | D:2      | Reached XP level 3. HP: 22/24 MP: 3/3
  1799 | D:2      | Found a faded altar of an unknown god.
  1965 | D:3      | Reached XP level 4. HP: 29/29 MP: 4/4
  1969 | D:3      | Reached skill level 4 in Fighting
  1969 | D:3      | Reached skill level 1 in Shields
  1974 | D:3      | Reached ** piety under Trog
  2098 | D:3      | Noticed a water moccasin
  2113 | D:3      | Killed a water moccasin
  2113 | D:3      | Reached XP level 5. HP: 23/34 MP: 5/5
  2480 | D:3      | Found a shattered altar of Ashenzari.
  2955 | D:4      | Reached XP level 6. HP: 28/39 MP: 6/6
  3042 | D:4      | Noticed Eustachio
  3064 | D:4      | Killed Eustachio
  3064 | D:4      | Reached skill level 5 in Fighting
  3064 | D:4      | Reached XP level 7. HP: 31/44 MP: 7/7
  3521 | D:5      | Entered Level 5 of the Dungeon
  3643 | D:5      | Reached *** piety under Trog
  3643 | D:5      | Reached XP level 8. HP: 26/51 MP: 8/8
  3766 | D:5      | Reached skill level 6 in Fighting
  3928 | D:5      | Reached skill level 5 in Axes
  4023 | D:5      | Found a radiant altar of Vehumet.
  4052 | D:5      | Reached skill level 5 in Shields
  4226 | D:5      | Found a blossoming altar of Fedhas.
  4802 | D:6      | Found a hazy altar of Hepliaklqana.
  4804 | D:6      | Found a glowing golden altar of the Shining One.
  4805 | D:6      | Found a sacrificial altar of Ru.
  5207 | D:7      | Reached skill level 7 in Fighting
  5207 | D:7      | Reached XP level 9. HP: 55/57 MP: 9/9
  5447 | D:7      | Reached **** piety under Trog
  5447 | D:7      | Reached skill level 5 in Armour
  5856 | D:7      | Noticed a two-headed ogre
  5864 | D:7      | Killed a two-headed ogre
  5864 | D:7      | Reached skill level 8 in Fighting
  5881 | D:7      | Slain by a vampire

Levels and vault maps discovered:
D:1:      elethiomel_arrival_quiet, layout_basic
D:2:      layout_basic, chequers_ecumenical_altar_simple
D:3:      layout_loops_ring, lemuel_coloured_pillars_altar, first_ration
D:4:      layout_rooms, uniq_eustachio
D:5:      layout_rooms, vehumet_altar_wand_db, fedhas_ov_isle_minmay
D:6:      layout_basic, minitemple
D:7:      minmay_the_grid_octo_2x2 [minmay_the_grid_octo_fat_diamond,
          minmay_the_grid_octo_empty, minmay_the_grid_octo_clover,
          minmay_the_grid_octo_prize_single_spiral], layout_gridville,
          minmay_temple_entry_proselytizer

Skill      XL: |  1  2  3  4  5  6  7  8  9 |
---------------+----------------------------+-----
Axes           | 3 4 5 6 |  6.6
Dodging        | 2 3 4 |  4.1
Fighting       | 4 5 7 8 |  8.1
Armour         | 3 4 5 |  5.6
Shields        | 2 3 4 5 7 |  7.0

Action                   |  1- 3 |  4- 6 |  7- 9 || total
-------------------------+-------+-------+-------++-------
Melee: Hand axe          |   110 |   134 |   364 ||   608
       War axe           |       |       |    95 ||    95
Invok: Berserk           |     1 |     2 |     5 ||     8
       Trog's Hand       |       |       |     2 ||     2
 Stab: Sleeping          |       |     1 |       ||     1
  Eat: Chunk             |     3 |     6 |    15 ||    24
Armor: Animal skin       |    40 |    39 |    10 ||    89
       Chain mail        |       |       |   295 ||   295
Dodge: Dodged            |    39 |    63 |   164 ||   266
Block: Shield            |    45 |    62 |   270 ||   377
